 Dungeon Crawl Stone Soup version 0.26-a0-863-g3bff4b215c (webtiles) character file.

Game seed: 13704724149153166023

136 karrick the Chopper (level 4, -2/35 HPs)
             Began as a Demonspawn Gladiator on Nov 26, 2020.
             Slain by Sigmund
             ... wielding a +3 vorpal scythe
              (10 damage)
             ... on level 3 of the Dungeon.
             The game lasted 00:03:02 (2538 turns).

karrick the Chopper (Demonspawn Gladiator)          Turns: 2538, Time: 00:03:03

Health: -2/35      AC:  7    Str: 14    XL:     4   Next: 98%
Magic:  4/4        EV: 17    Int: 11    God:
Gold:   79         SH:  0    Dex: 14    Spells: 3/3 levels left

rFire    . . .     SeeInvis .   a - +0 war axe
rCold    . . .     Faith    .   (no shield)
rNeg     . . .     Spirit   .   s - +2 robe {MR+}
rPois    .         Reflect  .   (helmet restricted)
rElec    .         Harm     .   (no cloak)
rCorr    .         Rampage  .   (no gloves)
MR       +....                  (no boots)
Stlth    +.........             (no amulet)
HPRegen  0.11/turn              (no ring)
MPRegen  0.09/turn              u - +4 ring of evasion

@: no status effects
A: antennae 1, molten scales 2
a: no special abilities


You were on level 3 of the Dungeon.
You visited 1 branch of the dungeon, and saw 3 of its levels.

You collected 79 gold pieces.

Inventory:

Hand Weapons
 a - a +0 war axe (weapon)
Missiles
 d - 3 throwing nets (quivered)
Armour
 c - a +0 helmet
 s - a +2 robe of magic resistance (worn)
Jewellery
 u - a +4 ring of evasion (right hand)
Scrolls
 g - a scroll of immolation {unknown}
 h - 2 scrolls of amnesia {unknown}
 i - 4 scrolls of remove curse
 j - 2 scrolls of teleportation
 k - 2 scrolls of enchant armour {unknown}
 n - a scroll of random uselessness {unknown}
 o - 2 scrolls of fog {unknown}
 t - 3 scrolls of identify {unknown}
Potions
 e - 3 potions of curing {unknown}
 l - 3 potions of haste {unknown}
 m - a potion of berserk rage {unknown}
 q - a potion of invisibility {unknown}
 r - a potion of degeneration {unknown}


   Skills:
 + Level 3.0 Fighting
 + Level 3.8 Axes
 - Level 1.7 Throwing
 + Level 1.6 Armour
 + Level 3.2 Dodging
 + Level 0.2 Stealth


You had 3 spell levels left.
You didn't know any spells.
Your spell library was empty.

Dungeon Overview and Level Annotations

Branches:
Dungeon (3/15)

Altars:

Annotations:
D:3 Sigmund


Innate Abilities, Weirdness & Mutations

You have a pair of small antennae on your head.
You are mostly covered in molten scales. (AC +3)


Message History

* * * LOW HITPOINT WARNING * * *
x2 You are too injured to fight recklessly!
You completely miss Sigmund.
Sigmund is moderately wounded.
Sigmund closely misses you.
You hit Sigmund.
Sigmund is heavily wounded.
You hit Sigmund but do no damage.
Sigmund is heavily wounded.
Sigmund closely misses you.
You hit Sigmund but do no damage.
Sigmund is heavily wounded.
Sigmund misses you.
You barely miss Sigmund.
Sigmund is heavily wounded.
Sigmund gestures wildly while chanting.
Sigmund flickers and vanishes!
Deactivating autopickup; reactivate with Ctrl-A.
You closely miss something. Something hits you!
You die...

......#.# ############....
#...#.###### ................
.#..#..)....... ..##............
.#..# #.# #### .(##............
..#.#..#.###...
..##............##....#.......^..
..##..................#..#####...
####........#...{.....#.# #...
###.....#####...@.....#. ###.
#.......# ####......# #.
#.#....#########......#.....## #.
....................#.#.... .. #.
#......#.#########.#..#...#.#.##.
###....#.# ##.#..#.#.# ...#.
.......#.# #...##..#.####.##
.......#.# ##.......#..>(#...
.......#.#######..#..........##.#


There were no monsters in sight!

Vanquished Creatures
  Jessica (D:3)
  Robin (D:3)
  An adder (D:2)
  3 oozes
  A dart slug (D:1)
  A leopard gecko (D:1)
  2 orcs (D:3)
  A ball python (D:1)
  2 giant cockroaches (D:3)
  18 goblins
  5 hobgoblins
  4 jackals (D:2)
  A quokka (D:3)
  8 bats
  4 frilled lizards
  10 kobolds
  5 rats
68 creatures vanquished.

Notes
Turn   | Place    | Note
-------+----------+-------------------------------------------
     0 | D:1      | karrick the Demonspawn Gladiator began the quest for the
                  | Orb.
     0 | D:1      | Reached XP level 1. HP: 16/16 MP: 1/1
    82 | D:1      | Gained mutation: You are partially covered in molten
                  | scales. (AC +2) [demonic ancestry]
    82 | D:1      | Reached XP level 2. HP: 10/23 MP: 2/2
   796 | D:1      | Gained mutation: You have a pair of small antennae on your
                  | head. [demonic ancestry]
   796 | D:1      | Reached XP level 3. HP: 22/28 MP: 3/3
  1152 | D:2      | Reached skill level 1 in Armour
  1885 | D:3      | Noticed Jessica
  1890 | D:3      | Killed Jessica
  1891 | D:3      | Gained mutation: You are mostly covered in molten scales.
                  | (AC +3) [demonic ancestry]
  1891 | D:3      | Reached XP level 4. HP: 34/34 MP: 4/4
  2037 | D:3      | Noticed Robin
  2448 | D:3      | Killed Robin
  2526 | D:3      | Noticed Sigmund
  2538 | D:3      | Slain by Sigmund

Illustrated notes

Levels and vault maps discovered:
D:1:      heliophobic_arrival_henge, layout_basic, minmay_misc_feat_encased
D:2:      layout_loops_corners
D:3:      layout_basic, minmay_curled_crystal, corner_web_ring, uniq_jessica,
          uniq_robin, uniq_sigmund

Skill      XL: |  1  2  3  4 |
---------------+-------------+-----
Dodging        | 3 |  3.2
Axes           | 3 |  3.8
Armour         | 1 |  1.6
Fighting       | 3 |  3.0
Throwing       | |  1.7
Stealth        | |  0.2

Action                   |  1- 3 |  4- 6 || total
-------------------------+-------+-------++-------
Melee: War axe           |    98 |    75 ||   173
  Use: Scroll            |       |     2 ||     2
Armor: Leather armour    |    44 |    16 ||    60
Dodge: Dodged            |   101 |    83 ||   184

Table legend: (Time is in decaauts)
 A = Elapsed time spent in this place.
 B = Non-inter-level travel time spent in this place.
 C = Inter-level travel time spent in this place.
 D = Time resting spent in this place.
 E = Time spent auto-exploring this place.
 F = Levels seen in this place.
 G = Mean time per level.
                   A        B        C        D        E       F      G
               +--------+--------+--------+--------+--------+-----+--------+
         Total |   2593 |   2564 |     29 |    227 |   1865 |   3 |  864.3 |
       Dungeon |   2593 |   2564 |     29 |    227 |   1865 |   3 |  864.3 |
               +--------+--------+--------+--------+--------+-----+--------+

Top non-repeatable levels by time:
     D:2: 943 daAuts
     D:1: 892 daAuts
     D:3: 758 daAuts
